 Dungeon Crawl Stone Soup version 0.24-a0-525-g9231cdcba1 (webtiles) character file.

Game seed: 7487151629055481997

95 Mithandil the Skirmisher (level 4, 0/41 HPs)
             Began as a Hill Orc Fighter on Aug 3, 2019.
             Slain by an ooze (4 damage)
             ... on level 2 of the Dungeon.
             The game lasted 00:08:23 (960 turns).

Mithandil the Skirmisher (Hill Orc Fighter)          Turns: 960, Time: 00:08:24

Health: 0/41       AC:  0    Str: 19    XL:     4   Next: 66%
Magic:  4/4        EV:  7    Int:  8    God:
Gold:   46         SH:  9    Dex: 10    Spells: 3/3 levels left

rFire    . . .     SeeInvis .   a - +0 war axe
rCold    . . .     Gourm    .   c - +0 shield
rNeg     . . .     Faith    .   b - +0 scale mail
rPois    .         Spirit   .   (no helmet)
rElec    .         Reflect  .   (no cloak)
rCorr    .         Harm     .   (no gloves)
MR       .....                  (no boots)
Stlth    ..........             (no amulet)
HPRegen  0.13/turn              (no ring)
MPRegen  0.09/turn              (no ring)

@: corroded
A: no striking features
a: no special abilities


You were on level 2 of the Dungeon.
You were not hungry.

You visited 1 branch of the dungeon, and saw 3 of its levels.

You collected 46 gold pieces.

Inventory:

Hand Weapons
 a - a +0 war axe (weapon)
 h - a +0 spear
 k - a +1 whip of venom
 l - a +0 short sword of protection
 u - a +0 whip of flaming
Missiles
 o - 40 arrows
Armour
 b - a +0 scale mail (worn)
 c - a +0 shield (worn)
Scrolls
 e - 5 scrolls of identify {unknown}
 i - 2 scrolls of fear {unknown}
 n - 2 scrolls of amnesia {unknown}
 p - a scroll of remove curse {unknown}
 q - a scroll of teleportation {unknown}
 r - a scroll of enchant weapon {unknown}
 t - a scroll of noise {unknown}
 v - 2 scrolls of immolation {unknown}
Potions
 d - a potion of might
 j - a potion of haste {unknown}
 m - a potion of lignification {unknown}
 s - a potion of heal wounds {unknown}
Comestibles
 f - 3 rations


   Skills:
 * Level 4.3 Fighting
 * Level 3.7 Axes
 * Level 4.0 Armour
 + Level 0.9 Dodging
 * Level 3.9 Shields


You had 3 spell levels left.
You didn't know any spells.
Your spell library was empty.

Dungeon Overview and Level Annotations

Branches:
Dungeon (3/15)

Altars:


Message History

The jelly is severely wounded.
You hit the ooze but do no damage. x2; The jelly hits you.
The acid corrodes you!
You are splashed with acid.
The ooze barely misses you. The ooze completely misses you.
The ooze hits the fungus. x2
The jelly hits you.
You are splashed with acid!
* * * LOW HITPOINT WARNING * * *
You block the ooze's attack.
You hit the ooze.
The ooze is moderately wounded.
The ooze hits you.
* * * LOW HITPOINT WARNING * * *
Your shield and scale mail prevent you from hitting the ooze.
The ooze is moderately wounded.
You block the ooze's attack.
You hit the ooze but do no damage.
The ooze is moderately wounded.
The ooze hits you.
* * * LOW HITPOINT WARNING * * *
The ooze hits you.
You die...

##.....##
#.#..........
#.......#
#.#.........#
#.......#
.#.........#
#.......#
#.#.........#
#.......#
#.#.........#
####....#
#.#####.#####
##..'....# #.# #.#
#.######## #.# #.#
##..)..@## #.# #.#
#######J# #.#####.#
..JP.J.JJ##.......#
.÷JP÷P...##.#######
.......P.##.#
.÷.÷÷P...##)#
...P.P.P.##.#
?....P.P.##.#
###########.#


You could see a jelly and 2 oozes.

Vanquished Creatures
  A jelly (D:2)
  3 oozes (D:2)
  A worm (D:2)
  2 leopard geckos (D:1)
  6 bats
  7 goblins
  5 hobgoblins
  A quokka (D:2)
  2 frilled lizards (D:1)
  10 kobolds
  3 rats
41 creatures vanquished.

Vanquished Creatures (others)
  6 toadstools (D:2)
6 creatures vanquished.

Grand Total: 47 creatures vanquished

Notes
Turn   | Place    | Note
-------+----------+-------------------------------------------
     0 | D:1      | Mithandil the Hill Orc Fighter began the quest for the Orb.
     0 | D:1      | Reached XP level 1. HP: 19/19 MP: 1/1
    55 | D:1      | Reached XP level 2. HP: 25/27 MP: 2/2
   251 | D:1      | Reached XP level 3. HP: 33/33 MP: 3/3
   872 | D:2      | Reached XP level 4. HP: 31/41 MP: 4/4
   960 | D:2      | Slain by an ooze

Levels and vault maps discovered:
D:1:      ncdulo_halloftheorcs, layout_rooms
D:2:      cheibrodos_fertilizer, layout_basic, nicolae_ru_awakened_eye,
          uniq_crazy_yiuf_cottage
D:3:      layout_loops_ring, nicolae_overflow_hidden_temple, uniq_grinder

Skill      XL: |  1  2  3  4 |
---------------+-------------+-----
Axes           | 3 |  3.7
Fighting       | 4 |  4.3
Armour         | 4 |  4.0
Dodging        | |  0.9
Shields        | |  3.9

Action                   |  1- 3 |  4- 6 || total
-------------------------+-------+-------++-------
Melee: War axe           |   104 |     8 ||   112
Armor: Scale mail        |    67 |     3 ||    70
Dodge: Dodged            |    47 |     5 ||    52
Block: Shield            |    58 |     4 ||    62

Table legend:
 A = Non-vault XP
 B = Vault XP
 C = Vault XP percentage of total XP
 D = Non-vault monster count
 E = Vault monster count
 F = Vault count percentage of total count
                 A         B        C        D         E       F
            +---------+---------+-------+---------+---------+-------
      Total |      60 |      77 |  56.2 |      31 |      10 |  24.4
            +---------+---------+-------+---------+---------+-------
        D:1 |      37 |       0 |   0.0 |      22 |       0 |   0.0
        D:2 |      23 |      77 |  77.0 |       9 |      10 |  52.6
            +---------+---------+-------+---------+---------+-------
